 Dungeon Crawl Stone Soup version 0.32-a0-768-g0f6f1dd4b9 (webtiles) character file.

Game seed: 6700413966074093365

26253 Leszczynek the Bludgeoner (level 13, -12/141 HPs)
             Began as an Oni Alchemist on Mar 15, 2024.
             Was a High Priest of Makhleb.
             Mangled by a skyshark (17 damage)
             ... on level 3 of the Lair of Beasts on Mar 18, 2024.
             The game lasted 00:52:44 (10996 turns).

Leszczynek the Bludgeoner (Oni Alchemist)          Turns: 10996, Time: 00:52:45

Health: -12/141    AC:  4    Str: 15    XL:     13   Next: 24%
Magic:  21/21      EV: 10    Int: 24    God:    Makhleb [*****.]
Gold:   843        SH:  4    Dex: 11    Spells: 16/16 levels left

rFire   . . .        a - +0 giant club
rCold   . . .        (shield currently unavailable)
rNeg    . . .        I - +1 robe of Vines {NoPotionHeal Regen++++}
rPois   +            (helmet restricted)
rElec   .            (no cloak)
rCorr   .            (gloves unavailable)
SInv    .            (boots unavailable)
Will    ++...        (no amulet)
Stlth   ++           C - +6 ring of intelligence
HPRegen 3.63/turn    N - ring of wizardry
MPRegen 0.17/turn

%: wizardry (x1)
@: no status effects
A: large, unfitting armour, horns 1, tough skin 1, double potion healing,
drunken brawling, large bone plates 1, strong-willed 1, poison resistance
a: Renounce Religion, Minor Destruction, Lesser Servant of Makhleb, Major
Destruction, Greater Servant of Makhleb


You were on level 3 of the Lair of Beasts.
You worshipped Makhleb.
Makhleb was extremely pleased with you.
You visited 2 branches of the dungeon, and saw 14 of its levels.

You collected 996 gold pieces.
You spent 153 gold pieces at shops.

Inventory:

Hand Weapons
 a - a +0 giant club (weapon)
 l - a +0 giant spiked club
 t - a +1 antimagic flail
 x - a +2 flail of protection
 J - a +0 morningstar
Missiles
 h - 18 poisoned darts
 j - 6 javelins
 z - a curare-tipped dart
 D - 17 boomerangs
 F - 2 throwing nets
Armour
 d - a +2 robe of positive energy
 I - the +1 robe of Vines (worn) {NoPotionHeal Regen++++}
   (You found it on level 9 of the Dungeon)

   NoPotionHeal: Its wearer cannot be healed by potions.
   Regen++++: It increases your rate of health regeneration.
Jewellery
 C - a +6 ring of intelligence (left hand)
 N - a ring of wizardry (right hand)
Wands
 e - a wand of quicksilver (14)
 w - a wand of paralysis (23)
 E - a wand of warping (18)
 H - a wand of mindburst (16)
 L - a wand of polymorph (11)
Scrolls
 c - a scroll of silence {unknown}
 g - 4 scrolls of enchant armour
 i - a scroll of acquirement {unknown}
 k - 2 scrolls of brand weapon {unknown}
 n - 2 scrolls of fog
 o - 3 scrolls of revelation
 p - a scroll of torment {unknown}
 r - 3 scrolls of blinking
 s - 2 scrolls of teleportation
 u - a scroll of fear
 y - a scroll of poison {unknown}
 G - a scroll of enchant weapon {unknown}
Potions
 b - a potion of magic
 f - 6 potions of enlightenment
 m - a potion of brilliance
 q - 5 potions of might
 v - 2 potions of lignification {!q}
 A - 2 potions of ambrosia
 B - a potion of mutation {!q}
 K - a potion of haste {unknown}
 M - a potion of heal wounds {@q2}
 X - 8 potions of curing {@q1}


   Skills:
 + Level 12.8 Fighting
 * Level 15.7 Maces & Flails
 - Level 6.4 Dodging
 - Level 1.4 Stealth
 - Level 2.4 Spellcasting
 - Level 0.8 Conjurations
 - Level 2.6 Alchemy
 + Level 11.5 Invocations


You had 16 spell levels left.
You didn't know any spells.
Your spell library contained the following spells:

 Spells                   Type           Power      Damage    Failure   Level
 Sting                    Conj/Alch      44%        1d5       2%          1
 Apportation              Tloc           4%         N/A       4%          1
 Sandblast                Erth           4%         2d4       4%          1
 Slow                     Hex            8%         N/A       4%          1
 Summon Small Mammal      Summ           8%         N/A       4%          1
 Mercury Vapours          Alch/Air       18%        N/A       4%          2
 Ensorcelled Hibernation  Hex/Ice        4%         N/A       7%          2
 Jinxbite                 Hex            4%         N/A       7%          2
 Mephitic Cloud           Conj/Alch/Air  8%         N/A       9%          3
 Hailstorm                Conj/Ice       4%         3d5       12%         3
 Stone Arrow              Conj/Erth      8%         3d7       12%         3
 Call Canine Familiar     Summ           2%         N/A       14%         3
 Confusing Touch          Hex            2%         N/A       14%         3
 Frozen Ramparts          Ice            4%         1d1       14%         3
 Ozocubu's Armour         Ice            2%         N/A       14%         3
 Passwall                 Erth           2%         N/A       14%         3
 Sigil of Binding         Hex            2%         N/A       14%         3
 Summon Ice Beast         Ice/Summ       2%         N/A       14%         3
 Swiftness                Air            2%         N/A       14%         3
 Vampiric Draining        Necr           2%         2d6       14%         3
 Olgreb's Toxic Radiance  Alch           15%        N/A       16%         4
 Sticky Flame             Fire/Alch      9%         2d5       26%         4
 Brom's Barrelling Bould  Conj/Erth      4%         2d3       34%         4
 Alistair's Intoxication  Alch           10%        N/A       38%         5
 Dimensional Bullseye     Hex/Tloc       1%         N/A       41%         4
 Summon Blazeheart Golem  Fire/Summ      2%         N/A       41%         4
 Vhi's Electric Charge    Tloc/Air       4%         N/A       41%         4
 Arcjolt                  Conj/Air       2%         1d12      69%         5
 Metabolic Englaciation   Hex/Ice        1%         N/A       75%         5
 Sculpt Simulacrum        Ice/Alch       4%         N/A       98%         6
 Permafrost Eruption      Ice/Erth       1%         2x4d2     99%         6
 Plasma Beam              Fire/Air       1%         2x1d11    99%         6
 Maxwell's Capacitive Co  Air            1%         ∞         100%        8


Dungeon Overview and Level Annotations

Branches:
Dungeon (11/15)            Temple (0/1) D:4            Lair (3/5) D:8
  Swamp (0/4) Lair:3       Spider (0/4) Lair:3          Orc (0/2) D:9

Altars:
Cheibriados
Fedhas
Kikubaaqudgha
Makhleb
Nemelex Xobeh
Okawaru
Trog
Vehumet
Wu Jian
Xom
Yredelemnul
Zin
The Shining One
Beogh

Shops:
D:3 ?   D:5 :   D:7 [   D:9 (

Annotations:
D:8 2 transporters
D:11 Erica


Innate Abilities, Weirdness & Mutations

You are too large for most types of armour.
You have a pair of small horns on your head.
You have tough skin. (AC +1)
You gain doubled healing and magic from potions.
Whenever you drink a healing potion, you attack all around you.
You are partially covered in large bone plates. (SH +4)
You are strong-willed. (Will+)
Your system is resistant to poisons. (rPois)


Message History

You hit the skyshark.
The skyshark is moderately wounded.
The skyshark bites you!
The skyshark enters a blood-rage!
You block the skyshark's attack. The skyshark closely misses you.
You barely miss the skyshark. You headbutt the skyshark.
The skyshark is moderately wounded.
The skyshark bites you. The skyshark barely misses you.
You block the skyshark's attack.
You hit the skyshark but do no damage.
The skyshark is moderately wounded.
The skyshark completely misses you. You block the skyshark's attack.
The skyshark tail-slaps you!
You are too injured to fight recklessly!
You thump the skyshark! Your headbutt misses the skyshark.
The skyshark is heavily wounded.
The skyshark barely misses you. You block the skyshark's attack.
The skyshark barely misses you. The skyshark bites you.
The skyshark tail-slaps you! The skyshark closely misses you.
You bludgeon the skyshark!!
You headbutt the skyshark, but do no damage.
The skyshark is severely wounded.
The skyshark completely misses you. The skyshark tail-slaps you! x2
You closely miss the skyshark.
The skyshark is severely wounded.
The skyshark bites you!!
* * * LOW HITPOINT WARNING * * *
The skyshark closely misses you. You block the skyshark's attack.
You hit the skyshark but do no damage.
You headbutt the skyshark, but do no damage.
The skyshark is severely wounded.
The skyshark bites you!
* * * LOW HITPOINT WARNING * * *
The skyshark tail-slaps you but does no damage.
The skyshark tail-slaps you!
* * * LOW HITPOINT WARNING * * *
You take a swig of the potion and twirl your +0 giant club.
You hit the skyshark but do no damage.
The skyshark is severely wounded.
That felt strangely inert.
The skyshark bites you!
You die...

♣ ## .P. #. .# ...
#♣ ##. .P #.
##..##.# ##
###....#.
#.......#
#......F## .
#......@.# ♣
#........#
#.......## ......
# #......##
....... ♣
#.......###.......
♣
#.......#.........
###.....##........
♣ #.....##.......
#####.........#
###


You could see a skyshark (berserk).

Vanquished Creatures
  6 hydras
  A catoblepas (Lair:2)
  An alligator (Lair:3)
  A boulder beetle (Lair:3)
  A two-headed ogre (D:9)
  A skyshark (Lair:3)
  A deep elf pyromancer (D:7)
  A manticore (D:8)
  5 elephants
  3 black mambas
  2 torpor snails (Lair:3)
  An unseen horror (D:10)
  2 rime drakes (Lair:3)
  2 cane toads
  3 kobold demonologists (D:10)
  Psyche (D:10)
  3 komodo dragons
  3 trolls (D:9)
  2 polar bears (Lair:3)
  3 blink frogs (Lair:1)
  3 wyverns
  2 basilisks
  22 yaks
  2 steam dragons (D:6)
  An acid dragon (D:9)
  7 water moccasins
  A sky beast (D:6)
  3 orc warriors
  2 black bears
  A swamp drake (Lair:3)
  An ice beast (D:6)
  A centaur (D:10)
  2 phantoms
  13 wolves
  6 ogres
  2 kobold brigands
  A gnoll sergeant (D:5)
  5 bullfrogs
  5 scorpions
  5 wights
  7 killer bees
  An electric eel (Lair:3)
  5 howler monkeys
  4 bombardier beetles
  4 orc priests
  4 hounds
  2 jellies
  2 iguanas
  2 sleepcaps (D:6)
  2 hell rats (Lair:1)
  5 orc wizards
  11 adders
  9 gnolls
  6 river rats (Lair:1)
  A white imp (D:6)
  2 ufetubi (D:6)
  3 ribbon worms
  3 dart slugs
  29 orcs
  6 ball pythons
  6 endoplasms
  A giant cockroach (D:1)
  7 goblins
  6 hobgoblins
  8 jackals
  6 quokkas
  3 bats
  22 kobolds
  8 rats
303 creatures vanquished.

Vanquished Creatures (collateral kills)
  2 trolls (D:9)
  A warg (D:9)
  An orc warrior (D:9)
  A wolf (Lair:3)
  An orc (D:9)
6 creatures vanquished.

Vanquished Creatures (others)
  An adder (D:6)
1 creature vanquished.

Grand Total: 310 creatures vanquished

Notes
Turn   | Place    | Note
-------+----------+-------------------------------------------
     0 | D:1      | Leszczynek the Oni Alchemist began the quest for the Orb.
     0 | D:1      | Reached XP level 1. HP: 16/16 MP: 3/3
    17 | D:1      | Reached skill level 1 in Fighting
    69 | D:1      | Reached skill level 2 in Fighting
    72 | D:1      | Reached XP level 2. HP: 28/28 MP: 0/5
   222 | D:1      | Reached skill level 3 in Fighting
   338 | D:1      | Reached XP level 3. HP: 37/37 MP: 4/6
   377 | D:1      | Learned a level 2 spell: Mercury Vapours
   609 | D:2      | Reached skill level 1 in Maces & Flails
   741 | D:2      | Found an ornate altar of the Wu Jian Council.
   777 | D:2      | HP: 6/39 [ribbon worm (7)]
   865 | D:2      | Reached skill level 4 in Fighting
   868 | D:2      | Reached XP level 4. HP: 31/48 MP: 1/7
  1007 | D:3      | Reached skill level 2 in Maces & Flails
  1044 | D:3      | Found Fyadd's Magic Scroll Boutique.
  1090 | D:3      | Found a burning altar of Makhleb.
  1097 | D:3      | Became a worshipper of Makhleb the Destroyer
  1250 | D:3      | Bought a scroll of blinking for 97 gold pieces
  1332 | D:3      | Found a faded altar of an unknown god.
  1454 | D:3      | Found a glowing golden altar of the Shining One.
  1638 | D:4      | Reached skill level 3 in Maces & Flails
  1645 | D:4      | Reached XP level 5. HP: 41/54 MP: 8/8
  1648 | D:4      | Found a snail-covered altar of Cheibriados.
  1674 | D:4      | Noticed an ogre
  1774 | D:4      | Reached * piety under Makhleb
  1796 | D:4      | Found a staircase to the Ecumenical Temple.
  1877 | D:4      | Found a bloodstained altar of Trog.
  1887 | D:4      | Reached skill level 4 in Maces & Flails
  1971 | D:4      | Killed an ogre
  1972 | D:4      | Reached XP level 6. HP: 54/62 MP: 9/9
  1994 | D:4      | Found an ancient bone altar of Kikubaaqudgha.
  2023 | D:4      | Reached skill level 5 in Maces & Flails
  2202 | D:5      | Entered Level 5 of the Dungeon
  2202 | D:5      | Found Ikhif's Self-Improvement Boutique.
  2214 | D:4      | Reached skill level 6 in Maces & Flails
  2214 | D:4      | Reached XP level 7. HP: 34/69 MP: 10/10
  2338 | D:5      | HP: 14/70 [scorpion (7)]
  2341 | D:5      | Gained mutation: Your health recovers twice as slowly from
                  | being drained. [potion of mutation]
  2341 | D:5      | Gained mutation: Your system is resistant to poisons.
                  | (rPois) [potion of mutation]
  2341 | D:5      | Lost mutation: Your health recovers twice as slowly from
                  | being drained. [potion of mutation]
  2341 | D:5      | Gained mutation: You have hidden genetic potential. [potion
                  | of mutation]
  2776 | D:4      | Reached skill level 7 in Maces & Flails
  2819 | D:5      | what
  3055 | D:5      | Reached skill level 8 in Maces & Flails
  3055 | D:5      | Reached XP level 8. HP: 78/78 MP: 7/11
  3071 | D:5      | Gained mutation: You are partially covered in large bone
                  | plates. (SH +4) [hidden potential]
  3120 | D:5      | ...
  3120 | D:5      | THREE manuals of summoning
  3120 | D:5      | i'm not kidding
  3120 | D:5      | three of them
  3120 | D:5      | and one of ice magic
  3120 | D:5      | i guess i'm a summoner then... after orc
  3299 | D:5      | Reached skill level 2 in Dodging
  3553 | D:5      | Reached skill level 3 in Dodging
  3571 | D:5      | Found a basalt altar of Yredelemnul.
  3649 | D:5      | Reached ** piety under Makhleb
  3707 | D:5      | Reached skill level 4 in Dodging
  3721 | D:5      | HP: 12/78 [gnoll sergeant/+5 trident of venom (10)]
  3945 | D:5      | Found a glowing silver altar of Zin.
  4252 | D:6      | Reached skill level 5 in Dodging
  4325 | D:6      | Reached XP level 9. HP: 38/84 MP: 9/12
  4504 | D:6      | Reached skill level 6 in Dodging
  4507 | D:6      | Gained mutation: You are strong-willed. (Will+) [hidden
                  | potential]
  4507 | D:6      | Lost mutation: You have hidden genetic potential. [hidden
                  | potential expressed]
  4566 | D:6      | Found a sparkling altar of Nemelex Xobeh.
  4598 | D:6      | HP: 15/84 [white imp/puff of frost (6)]
  4991 | D:6      | Reached skill level 9 in Maces & Flails
  5078 | D:6      | Reached skill level 5 in Fighting
  5447 | D:6      | HP: 15/89 [steam dragon/ball of steam (12)]
  5450 | D:6      | Reached skill level 6 in Fighting
  5450 | D:6      | Reached skill level 10 in Maces & Flails
  5714 | D:7      | Reached skill level 1 in Invocations
  5845 | D:7      | Found a blossoming altar of Fedhas.
  5854 | D:7      | Found an iron altar of Okawaru.
  5877 | D:7      | Found Hokeh's Armour Shop.
  5931 | D:7      | Found an ornate altar of the Wu Jian Council.
  5931 | D:7      | Noticed a deep elf pyromancer
  5948 | D:7      | Killed a deep elf pyromancer
  5949 | D:7      | Reached skill level 7 in Fighting
  5949 | D:7      | Reached skill level 2 in Invocations
  5949 | D:7      | Reached XP level 10. HP: 81/104 MP: 4/13
  6041 | D:7      | Reached skill level 8 in Fighting
  6041 | D:7      | Reached skill level 3 in Invocations
  6135 | D:7      | Reached *** piety under Makhleb
  6219 | D:8      | Found a staircase to the Lair.
  6304 | D:8      | Found a transporter.
  6304 | D:8      | Noticed a cyclops
  6306 | D:8      | Found a roughly hewn altar of Beogh.
  6306 | D:8      | Found a transporter.
  6340 | D:8      | Noticed a manticore
  6341 | D:8      | ?!
  6355 | D:8      | Killed a manticore
  6546 | D:8      | Reached skill level 9 in Fighting
  6546 | D:8      | Reached skill level 4 in Invocations
  6931 | D:9      | Noticed a two-headed ogre
  6942 | D:9      | Killed a two-headed ogre
  6943 | D:9      | Reached skill level 5 in Invocations
  7007 | D:9      | Found a staircase to the Orcish Mines.
  7091 | D:9      | Found the +1 robe of Vines {NoPotionHeal Regen++++}
  7101 | D:9      | Reached skill level 10 in Fighting
  7128 | D:9      | Noticed a four-headed hydra
  7207 | D:9      | Killed a four-headed hydra
  7208 | D:9      | Reached skill level 11 in Maces & Flails
  7208 | D:9      | Reached skill level 6 in Invocations
  7300 | D:9      | Found Peju's Weapon Shop.
  7305 | D:9      | Reached XP level 11. HP: 119/119 MP: 15/15
  7319 | D:9      | Bought a +0 morningstar for 56 gold pieces
  7483 | D:9      | Found a radiant altar of Vehumet.
  7604 | D:10     | Entered Level 10 of the Dungeon
  7669 | D:9      | Reached **** piety under Makhleb
  7733 | D:10     | Found a shimmering altar of Xom.
  7831 | D:10     | Reached skill level 7 in Invocations
  7842 | D:10     | Reached skill level 11 in Fighting
  7842 | D:10     | Reached skill level 12 in Maces & Flails
  7957 | D:10     | Found an ornate altar of the Wu Jian Council.
  8114 | D:10     | HP: 20/120 [chaos spawn[a kobold demonologist] (11)]
  8217 | D:10     | Noticed Psyche
  8222 | D:10     | Killed Psyche
  8252 | D:10     | Reached skill level 8 in Invocations
  8385 | D:11     | Noticed Erica
  8459 | Lair:1   | Entered Level 1 of the Lair of Beasts
  8519 | D:8      | Reached skill level 13 in Maces & Flails
  8770 | D:8      | Reached ***** piety under Makhleb
  8814 | Lair:1   | Reached XP level 12. HP: 130/130 MP: 18/18
  8815 | Lair:1   | Upgraded the game from 0.32-a0-711-g016ad743e0 to
                  | 0.32-a0-768-g0f6f1dd4b9
  8929 | Lair:1   | Reached skill level 9 in Invocations
  9446 | Lair:2   | Noticed a four-headed hydra
  9450 | Lair:2   | Killed a four-headed hydra
  9569 | Lair:2   | Reached skill level 14 in Maces & Flails
  9635 | Lair:2   | Noticed a catoblepas
  9649 | Lair:2   | Killed a catoblepas
  9672 | Lair:2   | Reached skill level 10 in Invocations
 10053 | Lair:3   | Noticed an eight-headed hydra
 10073 | Lair:3   | Killed an eight-headed hydra
 10132 | Lair:3   | Noticed a six-headed hydra
 10144 | Lair:3   | Killed a six-headed hydra
 10197 | Lair:3   | Noticed a skyshark
 10211 | Lair:3   | Killed a skyshark
 10254 | Lair:3   | Reached skill level 15 in Maces & Flails
 10297 | Lair:3   | Reached skill level 12 in Fighting
 10400 | Lair:3   | Found a staircase to the Swamp.
 10400 | Lair:3   | Noticed an alligator
 10428 | Lair:3   | Killed an alligator
 10438 | Lair:3   | Reached skill level 11 in Invocations
 10490 | Lair:3   | Reached XP level 13. HP: 117/140 MP: 21/21
 10648 | Lair:3   | Found a hole to the Spider Nest.
 10994 | Lair:3   | HP: 16/141 [skyshark (25)]
 10995 | Lair:3   | HP: 1/141 [skyshark (8)]
 10996 | Lair:3   | Mangled by a skyshark

Illustrated notes

## ##########.
#.......... #####
###.#######.. ...#
##...###.....>
#.###.###.....##.###..
#....z..).......###..
#.###@##....z.........
.###.###.###....#########
.......÷<# ##.### ##
##...##### #.# #. #. #.#
#. #+# #. ##### #...z
#...#


Turn 2819 on D:5: what ###...###.....## ...^...###....# ##.......###.#.#
#B........##.#.# #..............# #.......≈≈.≈≈### #O<...≈≈≈)≈≈≈###
##....≈≈⌠.⌠≈≈..# ##......@...#.# ####≈≈⌠.⌠≈≈#.# #≈≈≈.≈≈≈# # #..≈≈)≈≈...#
#.#####....# ... ....# ### ...... ..#### ## Turn 3120 on D:5: ... .ß.##o#.#.#
...o#o#.#.# .#$ooo###.# ##..o ##.# ..... #..# #########.## ..####.........#
#..........##### #......@...# ...........# #..........# #..........#
.......!...# ##.........# #....H....# #.........# Turn 6341 on D:8: ?!

Levels and vault maps discovered:
D:1:      minmay_arrival_four_circles, layout_rooms
D:2:      layout_rooms, basic_altar, st_stairs_12
D:3:      cheibrodos_thug_alley, layout_rooms, nicolae_tso_carved_into_rock,
          mainiacjoe_overflow_small_starburst, serial_shops,
          nicolae_shop_window_shopping, shapermc_ecumenical_altar_mp_vishouse
D:4:      layout_gridville, mainiacjoe_overflow_alcove_4, old_standard_altar,
          mainiacjoe_overflow_tiny_flanked,
          minmay_temple_entry_drinking_statues, minmay_bisected
D:5:      layout_loops_corners, mainiacjoe_overflow_catwalk,
          nicolae_overflow_hidden_temple, nicolae_shop_self_help
D:6:      layout_rooms, mainiacjoe_overflow_paths
D:7:      layout_basic, grunt_qazlal_sundering, grunt_temple_overflow_open,
          serial_shops, nicolae_shop_peninsula, hangedman_feature_mirror
D:8:      gammafunk_beogh_shrine, layout_basic, lair_entry_dummy
D:9:      layout_rooms, nicolae_vehumet_altar_sigil,
          minmay_orc_entry_guard_dogs, serial_shops, nicolae_shop_trees,
          hellmonk_guarded_unrand_vines
D:10:     layout_roguey, old_standard_altar,
          mainiacjoe_overflow_surrounded_room, uniq_psyche
D:11:     layout_loops_cross, minmay_quadrilaterals, uniq_erica
Lair:1:   layout_layer_cave, serial_bayou_pond_a,
          eino_small_chamber_without_monster, kennysheep_rathole
Lair:2:   layout_cave_pods, grunt_megastairs_2, lemuel_fruit_tree,
          infiniplex_staircase_pool_2
Lair:3:   nzn_winding_woodlands_three_and_one
          [nzn_winding_woodlands_5x15_pockets,
          nzn_winding_woodlands_5x15_garden,
          nzn_winding_woodlands_5x15_split_checker,
          nzn_winding_woodlands_center_diamonds], layout_cave_pods,
          mainiacjoe_swamp_entry_lozenge_pond, dummy_spider_entry,
          serial_bayou_pond_e, pdpol_lair_cavern_descent, serial_bayou_shore_a

Skill      XL: |  1  2  3  4  5  6  7  8  9 10 11 12 |
---------------+-------------------------------------+-----
Fighting       | 2 3 4 7 10 11 12 | 12.8
Maces & Flails | 1 3 4 6 8 10 11 13 15 | 15.7
Dodging        | 5 6 |  6.4
Invocations    | 2 6 8 11 | 11.5
Stealth        | |  1.4
Spellcasting   | |  2.4
Conjurations   | |  0.8
Alchemy        | |  2.6

Action                     |  1- 3 |  4- 6 |  7- 9 | 10-12 | 13-15 || total
---------------------------+-------+-------+-------+-------+-------++-------
  Melee: Dagger            |    30 |       |       |       |       ||    30
         Unarmed           |     4 |       |       |       |       ||     4
         Headbutt          |    15 |    24 |    61 |   171 |    22 ||   293
         Hand axe          |    52 |    86 |       |       |       ||   138
         Quarterstaff      |       |    78 |       |       |       ||    78
         Flail             |       |       |   299 |   634 |    34 ||   967
         War axe           |       |       |    25 |       |       ||    25
         Giant club        |       |       |       |   159 |    66 ||   225
         Morningstar       |       |       |       |     1 |       ||     1
   Cast: Sting             |    33 |    16 |    16 |       |       ||    65
         Mercury Vapours   |     2 |     6 |    14 |       |       ||    22
 Invoke: Minor Destruction |       |       |       |    36 |    16 ||    52
         Lesser Servant of |       |       |       |     3 |       ||     3
         Major Destruction |       |       |       |    10 |     1 ||    11
  Evoke: Wand              |       |       |     2 |     9 |       ||    11
    Use: Scroll            |       |     4 |     4 |    10 |     1 ||    19
         Potion            |       |     1 |     3 |     1 |     1 ||     6
   Stab: Sleeping          |     1 |     1 |       |       |       ||     2
         Distracted        |       |       |     1 |     1 |     1 ||     3
         Petrified         |       |       |       |     5 |       ||     5
 Armour: Robe              |    56 |   143 |   271 |   671 |    99 ||  1240
  Dodge: Dodged            |    38 |   122 |   158 |   402 |    58 ||   778
  Block: Other             |       |       |    45 |   123 |    14 ||   182

Table legend: (Time is in decaauts)
 A = Elapsed time spent in this place.
 B = Non-inter-level travel time spent in this place.
 C = Inter-level travel time spent in this place.
 D = Time resting spent in this place.
 E = Time spent auto-exploring this place.
 F = Levels seen in this place.
 G = Mean time per level.
                   A        B        C        D        E       F      G
               +--------+--------+--------+--------+--------+-----+--------+
         Total |  10887 |   9613 |   1274 |   2005 |    234 |  14 |  777.6 |
       Dungeon |   8604 |   7616 |    988 |   1970 |    234 |  11 |  782.2 |
          Lair |   2282 |   1997 |    285 |     35 |      0 |   3 |  760.7 |
               +--------+--------+--------+--------+--------+-----+--------+

Top non-repeatable levels by time:
     D:5: 1491 daAuts
     D:4: 1319 daAuts
     D:6: 1108 daAuts
  Lair:3: 924 daAuts
     D:8: 890 daAuts
  Lair:1: 798 daAuts
    D:10: 744 daAuts
     D:9: 729 daAuts
     D:3: 676 daAuts
     D:7: 634 daAuts
     D:1: 574 daAuts
  Lair:2: 559 daAuts
     D:2: 427 daAuts
    D:11: 8 daAuts
